 Dungeon Crawl Stone Soup version bcrawl-1.28.1b (webtiles) character file.

Game seed: 11997635418304006105

138358 Morbidden the Sneak (level 4, -15/35 HPs)
             Began as a Demigod Archaeologist on Dec 31, 2020.
             Demolished by an ogre
             ... wielding a +0 giant club
              (27 damage)
             ... on level 3 of the Dungeon.
             The game lasted 00:03:14 (2058 turns).

Morbidden the Sneak (Demigod Archaeologist)         Turns: 2058, Time: 00:03:15

Health: -15/35     AC: 14    Str: 13    XL:     4   Next: 62%
Magic:  7/7        EV:  4    Int: 20    God:    Demigod [**....]
Gold:   186        SH:  0    Dex: 15    Spells: 3/3 levels left

rFire    . . .     SeeInvis .   m - +0 falchion
rCold    . . .     Gourm    .   (no shield)
rNeg     . . .     Faith    .   o - +1 plate armour (curse)
rPois    .         Spirit   .   c - +1 hat
rElec    .         Reflect  .   (no cloak)
rCorr    .         Harm     .   (no gloves)
MR       .....                  d - +1 pair of boots
Stlth    ..........             (no amulet)
HPRegen  0.11/turn              p - -2 ring of strength (curse)
MPRegen  0.10/turn              (no ring)

@: no status effects
A: high mp 1
a: Temporal Distortion, Growth


You were on level 3 of the Dungeon.
You worshipped Demigod.
Demigod was pleased with you.
You were hungry.

You visited 1 branch of the dungeon, and saw 3 of its levels.

You collected 186 gold pieces.

Inventory:

Hand Weapons
 b - a +0 quarterstaff of crushing
 k - a +0 dagger
 m - a +0 falchion (weapon)
Missiles
 j - 113 javelins (quivered)
Armour
 c - a +1 hat (worn)
 d - a +1 pair of boots (worn)
 o - a cursed +1 plate armour (worn)
Jewellery
 p - a cursed -2 ring of strength (left hand)
Scrolls
 g - 2 scrolls of magic mapping
 n - 2 scrolls of identify
Potions
 h - a potion of resistance {unknown}
 i - a potion of ambrosia {unknown}
 l - 2 potions of flight {unknown}
Miscellaneous
 f - a dusty tome
Comestibles
 a - 4 chunks of flesh
 e - 2 rations {!d}


   Skills:
 * Level 1.6 Fighting
 + Level 1.2 Long Blades
   Level 0.9 Maces & Flails
 + Level 0.2 Armour
 + Level 3.2 Dodging
 + Level 4.0 Stealth
 * Level 1.9 Invocations


You had 3 spell levels left.
You didn't know any spells.
Your spell library was empty.

Dungeon Overview and Level Annotations

Branches:
Dungeon (3/12)


Innate Abilities, Weirdness & Mutations

You have an increased reservoir of magic. (+10% MP)


Message History

You throw a javelin. The javelin hits the ogre.
The ogre is lightly wounded.
Throwing (i - inventory)
j - 114 javelins (quivered)
Press: ? - help, Shift-Dir - straight line, f/p - ogre
Aim: an ogre, wielding a +0 giant club (lightly wounded)
You throw a javelin. The javelin hits the ogre!
The ogre is heavily wounded.
Your plate armour prevents you from hitting the ogre.
The ogre is heavily wounded.
The ogre hits you with a +0 giant club.
Your plate armour prevents you from hitting the ogre.
The ogre is heavily wounded.
The ogre hits you with a +0 giant club!!
Ouch! That really hurt!
You hit the ogre.
The ogre is heavily wounded.
The ogre hits you with a +0 giant club!!
Ouch! That really hurt!
You die...
Your divinity fades.

#..##.....##...##.....##<.##.#
....##...###...###...###.....#
##### #...# ##### #......
##...###...###...###......
##.....##...##.....##.###..
#.......#...#.......#...#..
#..(....')..'....(..#......
#.......#...#.......#.###..
##.....##.@.##.....##......
##...###.O.###...###....#.
##### #...# ##### #......
#...# #..#.## #...# #....##
#...# #.##### ....'...'....$.
#...... ....#...#......
#.#.#.# ....##...##.(...
#....<.


You could see an ogre.

Vanquished Creatures
  Terence (D:2)
  2 adders (D:3)
  3 worms
  2 dart slugs
  2 leopard geckos
  An orc (D:2)
  5 giant cockroaches
  7 goblins
  4 hobgoblins
  4 jackals (D:3)
  2 ball pythons
  3 bats (D:2)
  4 frilled lizards
  7 kobolds
  A quokka skeleton (D:3)
  9 rats
57 creatures vanquished.

Notes
Turn   | Place    | Note
-------+----------+-------------------------------------------
     0 | D:1      | Morbidden the Demigod Archaeologist began the quest for the
                  | Orb.
     0 | D:1      | Reached XP level 1. HP: 15/15 MP: 3/3
    23 | D:1      | Reached skill level 1 in Fighting
    87 | D:1      | Reached XP level 2. HP: 13/23 MP: 4/4
   595 | D:1      | Reached * piety under Demigod
   640 | D:2      | Noticed Terence
   659 | D:2      | Reached XP level 3. HP: 28/28 MP: 5/5
  1442 | D:2      | Killed Terence
  1443 | D:2      | Reached XP level 4. HP: 28/35 MP: 5/7
  1527 | D:3      | Reached skill level 1 in Invocations
  1529 | D:3      | Reached skill level 4 in Stealth
  1672 | D:3      | Reached skill level 1 in Long Blades
  1916 | D:3      | Reached ** piety under Demigod
  2048 | D:3      | Noticed an ogre
  2058 | D:3      | Demolished by an ogre

Skill      XL: |  1  2  3  4 |
---------------+-------------+-----
Fighting       | 1 |  1.6
Dodging        | 3 |  3.2
Invocations    | 1 |  1.9
Stealth        | 4 |  4.0
Long Blades    | 1 |  1.2
Maces & Flails | |  0.9
Armour         | |  0.2

Action                   |  1- 3 |  4- 6 || total
-------------------------+-------+-------++-------
Melee: Whip              |    65 |       ||    65
       Dagger            |    25 |       ||    25
       Falchion          |   104 |   104 ||   208
Throw: Javelin           |       |     2 ||     2
  Use: Scroll            |     2 |       ||     2
 Stab: Sleeping          |    14 |       ||    14
  Eat: Chunk             |     6 |     6 ||    12
Armor: Robe              |    53 |       ||    53
       Plate armour      |    23 |   144 ||   167
Dodge: Dodged            |   118 |    40 ||   158
